 Dungeon Crawl Stone Soup version 0.17-a0-963-gaa5423c (webtiles) character file.

69 Gorice the Shooter (level 4, 0/27 HPs)
             Began as an Octopode Wanderer on May 8, 2015.
             Slain by a hound (5 damage)
             ... on level 3 of the Dungeon.
             The game lasted 00:10:49 (1603 turns).

Gorice the Shooter (Octopode Wanderer)              Turns: 1603, Time: 00:10:49

Health: 0/27       AC:  1    Str: 18    XL:     4   Next: 20%
Magic:  4/4        EV: 16    Int: 11    God:
Gold:   147        SH:  0    Dex: 18    Spells: 0 memorised, 3 levels left

rFire  . . .     SeeInvis .     a - +1 hand axe
rCold  + . .     Clarity  .     (no shield)
rNeg   . . .     SustAb   .     (helmet restricted)
rPois  .         Gourm    .     (no amulet)
rElec  .         Spirit   .     n - ring of protection from cold
rCorr  .         Warding  .     (no ring)
rMut   .         Stasis   .     (no ring)
MR     .....                    (no ring)
Stlth  +++++.....               (no ring)
                                (no ring)
                                (no ring)
                                (no ring)

@: mighty, agile, not resistant to hostile enchantments, quite stealthy
A: almost no armour, amphibious, 8 rings, constrict 8, camouflage 1, gelatinous
body 1
a: no special abilities


You were on level 3 of the Dungeon.
You were not hungry.

You visited 1 branch of the dungeon, and saw 3 of its levels.

You collected 147 gold pieces.

Inventory:

Hand weapons
 a - a +1 hand axe (weapon)
 b - a +2 shortbow
 c - a +0 hand crossbow
 f - a +0 dagger
Missiles
 d - 49 bolts
 e - 46 arrows
 Z - 66 stones (quivered)
Jewellery
 n - a ring of protection from cold (left tentacle)
Scrolls
 h - 4 scrolls of remove curse
 q - a scroll of identify
Potions
 j - a potion of curing
 l - a potion of might {!q}
 m - a potion of brilliance {!q}
 p - a potion of agility {!q}
Comestibles
 g - a bread ration {!e}
 i - 4 chunks of flesh
 o - a slice of pizza


   Skills:
 * Level 4.2 Axes
 + Level 5.6 Bows
 - Level 2.6 Stealth


You had 3 spell levels left.
You didn't know any spells.

Dungeon Overview and Level Annotations

Branches:
Dungeon (3/15)

Altars:
Nemelex Xobeh
The Shining One


Innate Abilities, Weirdness & Mutations

You cannot wear most types of armour.
You are amphibious.
You can wear up to eight rings at the same time.
You can use your tentacles to constrict eight enemies at once.
Your skin changes colour to match your surroundings (Stealth).
Your rubbery body absorbs attacks (AC +1).


Message History

Press: ? - help, Shift-Dir - straight line, f - hobgoblin
Aim: a hobgoblin You shoot an arrow.
The arrow barely misses the quokka.
The arrow hits the hound.
The hound is heavily wounded.
The quokka closely misses you. The hound bites you but does no damage.
Firing (i - inventory. (,) - cycle):
e - 50 arrows (quivered)
Press: ? - help, Shift-Dir - straight line, f/p - hobgoblin
Aim: a hobgoblin You shoot an arrow.
The arrow misses the quokka.
The arrow hits the hobgoblin.
The hobgoblin is heavily wounded.
The quokka bites you. The hound bites you. The quokka closely misses you.
Damage: 5 (max 5) Firing (i - inventory. (,) - cycle):
e - 49 arrows (quivered)
Press: ? - help, Shift-Dir - straight line, f - hound, p - hobgoblin
Aim: a hound (heavily wounded)
You shoot an arrow. The arrow closely misses the hound.
The hound barely misses you. The quokka bites you. The hound barely misses you.
Damage: 2 (max 5) Firing (i - inventory. (,) - cycle):
e - 48 arrows (quivered)
Press: ? - help, Shift-Dir - straight line, f/p - hound
Aim: a hound (heavily wounded)
You shoot an arrow. The arrow closely misses the hound.
The hound bites you. The hobgoblin barely misses you.
The quokka barely misses you.
Damage: 3 (max 5) Firing (i - inventory. (,) - cycle):
e - 47 arrows (quivered)
Press: ? - help, Shift-Dir - straight line, f/p - hound
Aim: a hound (heavily wounded)
You shoot an arrow. The arrow closely misses the hound.
The hound bites you. The hobgoblin hits you.
* * * LOW HITPOINT WARNING * * *
The quokka completely misses you. The hound completely misses you.
Damage: 9 (max 9) Unknown command.
The hound bites you.
* * * LOW HITPOINT WARNING * * *
Damage: 1 (max 9) Unknown command.
Drink which item? (? for menu, Esc to quit)
Really quaff
p - 2 potions of agility {!q}?
You feel agile all of a sudden. The hound closely misses you.
The quokka misses you.
Wield which item (- for none, * to show all)? (? for menu, Esc to quit)
a - a +1 hand axe (weapon)
The hound misses you.
Drink which item? (? for menu, Esc to quit)
Really quaff
l - 2 potions of might {!q}?
You feel very mighty all of a sudden. The hound bites you.
You die...

.##...#..... .##.....#
.....##+# ...### #...#
..##.# #r.h# # ..'.[#
#H..# .# ..##.# #...#
..# ...### #.h.#
###...#
.#...####...####@....#
.###....##'##(.hr...##
## ###.....((.(rg.###
#.........####
###########


You could see a hound, a quokka, a hobgoblin and a rat.

Vanquished Creatures
  2 adders
  A worm (D:2)
  3 giant geckos
  A ball python (D:2)
  5 giant cockroaches
  7 hobgoblins
  6 jackals
  2 kobolds
  2 quokkas (D:2)
  4 bats
  A giant newt (D:3)
  2 goblins
  3 rats
39 creatures vanquished.

Notes
Turn   | Place    | Note
--------------------------------------------------------------
     0 | D:1      | Gorice, the Octopode Wanderer, began the quest for the Orb.
     0 | D:1      | Gorice set off with: a +2 shortbow, 23 arrows, a +0 hand crossbow, 24 bolts, a +0 hand axe, a +0 dagger, a bread ration {!e}
     0 | D:1      | Reached XP level 1. HP: 11/11 MP: 1/1
   104 | D:1      | Reached XP level 2. HP: 17/17 MP: 2/2
   178 | D:1      | Found a glowing golden altar of the Shining One.
   911 | D:2      | Reached XP level 3. HP: 21/21 MP: 3/3
   936 | D:2      | HP: 6/21 [poisoned by an adder]
  1235 | D:2      | Reached skill level 4 in Axes
  1289 | D:2      | Found a sparkling altar of Nemelex Xobeh.
  1340 | D:3      | Noticed an ogre
  1467 | D:3      | Reached XP level 4. HP: 21/27 MP: 4/4
  1588 | D:3      | Noticed a hippogriff
  1598 | D:3      | HP: 6/27 [hobgoblin (4)]
  1603 | D:3      | Slain by a hound

Action                   |  1- 3 |  4- 6 || total
-------------------------+-------+-------++-------
Melee: Hand axe          |    17 |     2 ||    19
 Fire: Shortbow          |    79 |    15 ||    94
  Use: Scroll            |     8 |       ||     8
       Potion            |     2 |     2 ||     4
  Eat: Chunk             |     2 |       ||     2

Table legend:
 A = Turns spent in this place as a percentage of turns spent in the entire game.
 B = Non-inter-level travel turns spent in this place as a percentage of non-inter-level travel turns spent in the entire game.
 C = Inter-level travel turns spent in this place as a percentage of turns spent in this place.
 D = Turns resting spent in this place as a percentage of non-inter-level travel turns spent in this place.
 E = Turns spent auto-exploring this place as a percentage of non-inter-level travel turns spent in this place.
 F = Non-inter-level travel turns spent in this place divided by the number of levels of this place that you've seen.
                   A       B       C       D       E      F
               +-------+-------+-------+-------+-------+----------------------
         Total | 100.0 | 100.0 |   0.3 |   0.3 |   5.2 | 211.3
       Dungeon | 100.0 | 100.0 |   0.3 |   0.3 |   5.2 | 211.3
               +-------+-------+-------+-------+-------+----------------------

Vault maps used:
D:1:      onia_arrival_mini_spirals, tso_metal_star
D:2:      nemelex_deck
D:3:      portal_sewer_entry_e, minmay_divided_ellipse
